| TOP OF THE 1ST |
|
Bowie Baysox batting - Pitching for Midland RockHounds : RHP Roberto Montoya
|
|
Pitching: RHP Roberto Montoya
|
|
|
Batting: RHB Orlando Melchor
|
0-0: Ball 1-0: Foul Ball, location: 2F 1-1: Foul Ball, location: 2F 1-2: Ball 2-2: Strikes out swinging
|
|
Batting: RHB Chase Cassidy
|
0-0: Swinging Strike 0-1: Called Strike 0-2: Ball 1-2: Ball 2-2: Foul Ball, location: 2F 2-2: Ground out 6-3 (Groundball, 6S, EV 83.8 MPH)
|
|
Batting: RHB Dermott Neill
|
0-0: Foul Ball, location: 2F 0-1: Ball 1-1: TRIPLE (Line Drive, 8LXD, EV 105.0 MPH)
|
|
Batting: SHB Tony Pantaleon
|
0-0: Ball Passed Ball! Dermott Neill scores 1-0: Ball 2-0: Fly out, F5 (Popup, P, EV 71.2 MPH)
|
| Top of the 1st over - 1 run, 1 hit, 0 errors, 0 left on base; Bowie 1 - Midland 0 |
| BOTTOM OF THE 1ST |
|
Midland RockHounds batting - Pitching for Bowie Baysox : RHP Ray Richards
|
|
Pitching: RHP Ray Richards
|
|
|
Batting: RHB Willie de los Santos
|
0-0: Ground out 1-3 (Groundball, 34S, EV 64.4 MPH)
|
|
Batting: RHB Mario Ramos
|
0-0: Called Strike 0-1: Ball 1-1: Hit by Pitch
|
|
Batting: LHB Chance Stever
|
0-0: Ball 1-0: Ball 2-0: SINGLE (Groundball, 4D, EV 100.6 MPH) Mario Ramos to second Runner from 2nd tries for 3rd, OUT! 8-5 Chance Stever to second
|
|
Batting: RHB Jorge Bernal
|
0-0: Ball 1-0: Called Strike 1-1: Foul Ball, location: 2F 1-2: Ball 2-2: Ground out 6-3 (Groundball, 6M, EV 86.9 MPH)
|
| Bottom of the 1st over - 0 runs, 1 hit, 0 errors, 1 left on base; Bowie 1 - Midland 0 |
| TOP OF THE 2ND |
|
Bowie Baysox batting - Pitching for Midland RockHounds : RHP Roberto Montoya
|
|
Batting: SHB Justin Toth
|
0-0: Ball 1-0: Ball 2-0: SOLO HOME RUN (Line Drive, 9D, EV 102.5 MPH), Distance : 387 ft
|
|
Batting: RHB Andy Chess
|
0-0: Foul Ball, location: 2F 0-1: Swinging Strike 0-2: Ball 1-2: Strikes out looking
|
|
Batting: RHB Danny Merrill
|
0-0: Ball 1-0: Fly out, F7 (Line Drive, 7, EV 91.2 MPH)
|
|
Batting: RHB Jon Zimmerman
|
0-0: Fly out, F8 (Line Drive, 8RM, EV 93.8 MPH)
|
| Top of the 2nd over - 1 run, 1 hit, 0 errors, 0 left on base; Bowie 2 - Midland 0 |
| BOTTOM OF THE 2ND |
|
Midland RockHounds batting - Pitching for Bowie Baysox : RHP Ray Richards
|
|
Batting: RHB Chris Montgomery
|
0-0: Ground out 5-3 (Groundball, 56, EV 95.6 MPH)
|
|
Batting: SHB Quincy Bradford
|
0-0: Called Strike 0-1: Ground out 4-3 (Groundball, 4, EV 102.5 MPH)
|
|
Batting: SHB John Cummings
|
0-0: Ball 1-0: Called Strike 1-1: Called Strike 1-2: Ball 2-2: Strikes out swinging
|
| Bottom of the 2nd over - 0 runs, 0 hits, 0 errors, 0 left on base; Bowie 2 - Midland 0 |
| TOP OF THE 3RD |
|
Bowie Baysox batting - Pitching for Midland RockHounds : RHP Roberto Montoya
|
|
Batting: SHB Eric Tiehen
|
0-0: Foul Ball, location: 2F 0-1: Foul Ball, location: 2F 0-2: Strikes out swinging
|
|
Batting: RHB Orlando Melchor
|
0-0: Ground out 6-3 (Groundball, 6, EV 100.6 MPH)
|
|
Batting: RHB Chase Cassidy
|
0-0: Ball 1-0: Ball 2-0: Fly out, F7 (Flyball, 7D, EV 84.4 MPH)
|
| Top of the 3rd over - 0 runs, 0 hits, 0 errors, 0 left on base; Bowie 2 - Midland 0 |
| BOTTOM OF THE 3RD |
|
Midland RockHounds batting - Pitching for Bowie Baysox : RHP Ray Richards
|
|
Batting: RHB Bastiaan Leenders
|
0-0: Ball 1-0: Called Strike 1-1: Called Strike 1-2: Strikes out swinging
|
|
Batting: RHB D.J. Torres
|
0-0: Foul Ball, location: 2F 0-1: Foul Ball, location: 2F 0-2: Ball 1-2: Strikes out swinging
|
|
Batting: RHB Willie de los Santos
|
0-0: Called Strike 0-1: Foul Ball, location: 2F 0-2: Foul Ball, location: 2F 0-2: Foul Ball, location: 2F 0-2: Ball 1-2: Fly out, F7 (Flyball, 7D, EV 101.9 MPH)
|
| Bottom of the 3rd over - 0 runs, 0 hits, 0 errors, 0 left on base; Bowie 2 - Midland 0 |
| TOP OF THE 4TH |
|
Bowie Baysox batting - Pitching for Midland RockHounds : RHP Roberto Montoya
|
|
Batting: RHB Dermott Neill
|
0-0: Ball 1-0: Called Strike 1-1: Ball 2-1: Ball 3-1: Foul Ball, location: 2F 3-2: Foul Ball, location: 2F 3-2: Base on Balls
|
|
Batting: SHB Tony Pantaleon
|
0-0: Ball 1-0: Ball 2-0: Ball 3-0: Called Strike 3-1: Fielders Choice at 2nd, 4-6 (Groundball, 3, EV 79.4 MPH)
|
|
Batting: SHB Justin Toth
|
0-0: Called Strike 0-1: Called Strike 0-2: 2-RUN HOME RUN (Flyball, 89XD, EV 102.5 MPH), Distance : 404 ft
|
|
Batting: RHB Andy Chess
|
0-0: Ball 1-0: Called Strike 1-1: Ground out 2-3 (Groundball, 2L, EV 63.1 MPH)
|
|
Batting: RHB Danny Merrill
|
0-0: Ball 1-0: Ball 2-0: Called Strike 2-1: Ground out 1-3 (Groundball, 13S, EV 65.6 MPH)
|
| Top of the 4th over - 2 runs, 1 hit, 0 errors, 0 left on base; Bowie 4 - Midland 0 |
| BOTTOM OF THE 4TH |
|
Midland RockHounds batting - Pitching for Bowie Baysox : RHP Ray Richards
|
|
Batting: RHB Mario Ramos
|
0-0: Called Strike 0-1: Ball 1-1: Ground out 5-3 (Groundball, 56, EV 102.5 MPH)
|
|
Batting: LHB Chance Stever
|
0-0: Foul Ball, location: 2F 0-1: Called Strike 0-2: Ball 1-2: Ground out 4-3 (Groundball, 4, EV 103.8 MPH)
|
|
Batting: RHB Jorge Bernal
|
0-0: Ball 1-0: DOUBLE (Line Drive, 9LM, EV 104.4 MPH)
|
|
Batting: RHB Chris Montgomery
|
0-0: Ball 1-0: Called Strike 1-1: Fly out, F8 (Flyball, 8RS, EV 76.9 MPH)
|
| Bottom of the 4th over - 0 runs, 1 hit, 0 errors, 1 left on base; Bowie 4 - Midland 0 |
| TOP OF THE 5TH |
|
Bowie Baysox batting - Pitching for Midland RockHounds : RHP Roberto Montoya
|
|
Batting: RHB Jon Zimmerman
|
0-0: Ball 1-0: SINGLE (Flyball, 4MD, EV 86.9 MPH)
|
|
Batting: SHB Eric Tiehen
|
0-0: Swinging Strike 0-1: Ball 1-1: Ball 2-1: Swinging Strike 2-2: Ball 3-2: Fly out, F7 (Flyball, 7LM, EV 91.9 MPH)
|
|
Batting: RHB Orlando Melchor
|
0-0: Ball 1-0: Ball 2-0: Swinging Strike 2-1: Foul Ball, location: 2F 2-2: Foul Ball, location: 2F 2-2: Foul Ball, location: 2F 2-2: DOUBLE (Line Drive, 78D, EV 107.5 MPH) Jon Zimmerman to third Runner from 3rd tries for Home, throw by CF and OUT! 8-6-2
|
|
Batting: RHB Chase Cassidy
|
0-0: Called Strike 0-1: SINGLE (Groundball, 25, EV 70.0 MPH) (infield hit) Orlando Melchor to third
|
|
Batting: RHB Dermott Neill
|
0-0: Ball 1-0: Swinging Strike 1-1: Foul Ball, location: 2F 1-2: Foul Ball, location: 2F 1-2: DOUBLE (Line Drive, 78D, EV 100.6 MPH) Orlando Melchor scores Chase Cassidy to third Runner from 3rd tries for Home, SAFE, throw by CF to home
|
|
Pitching: RHP Ace Gaskins
|
|
|
Batting: SHB Tony Pantaleon
|
0-0: Fly out, F8 (Flyball, 78S, EV 88.8 MPH)
|
| Top of the 5th over - 2 runs, 4 hits, 0 errors, 1 left on base; Bowie 6 - Midland 0 |
| BOTTOM OF THE 5TH |
|
Midland RockHounds batting - Pitching for Bowie Baysox : RHP Ray Richards
|
|
Batting: SHB Quincy Bradford
|
0-0: SINGLE (Flyball, 34D, EV 87.5 MPH)
|
|
Batting: SHB John Cummings
|
0-0: Ball Quincy Bradford steals 2nd base 1-0: Swinging Strike 1-1: Foul Ball, location: 2F 1-2: Foul Ball, location: 2F 1-2: Foul Ball, location: 2F 1-2: Foul Ball, location: 2F 1-2: Ball 2-2: Ground out 5-3 (Groundball, 56, EV 103.1 MPH)
|
|
Batting: RHB Bastiaan Leenders
|
0-0: Ball Quincy Bradford steals 3rd base 1-0: Foul Ball, location: 2F 1-1: Ground out U3 (Groundball, 34S, EV 70.6 MPH) Quincy Bradford scores
|
|
Batting: RHB D.J. Torres
|
0-0: Ground out 4-3 (Groundball, 4M, EV 82.5 MPH)
|
| Bottom of the 5th over - 1 run, 1 hit, 0 errors, 0 left on base; Bowie 6 - Midland 1 |
| TOP OF THE 6TH |
|
Bowie Baysox batting - Pitching for Midland RockHounds : RHP Ace Gaskins
|
|
Batting: SHB Justin Toth
|
0-0: Swinging Strike 0-1: TRIPLE (Line Drive, 9LD, EV 101.2 MPH)
|
|
Batting: RHB Andy Chess
|
0-0: Ball 1-0: Foul Ball, location: 2F 1-1: Ball 2-1: Ball 3-1: Called Strike 3-2: Foul Ball, location: 2F 3-2: TRIPLE (Flyball, 89XD, EV 96.9 MPH) Justin Toth scores
|
|
Batting: RHB Danny Merrill
|
0-0: Foul Ball, location: 2F 0-1: Ball 1-1: Ball 2-1: DOUBLE (Flyball, 8RXD, EV 108.8 MPH) Andy Chess scores
|
|
Batting: RHB Jon Zimmerman
|
0-0: Ball 1-0: Fly out, F6 (Line Drive, 6, EV 59.4 MPH)
|
|
Batting: SHB Eric Tiehen
|
0-0: Ball 1-0: Foul Ball, location: 2F 1-1: Called Strike 1-2: Strikes out swinging
|
|
Batting: RHB Orlando Melchor
|
0-0: Ball 1-0: Foul Ball, location: 2F 1-1: Ball 2-1: Foul Ball, location: 2F 2-2: Foul Ball, location: 2F 2-2: Ground out 6-3 (Groundball, 6D, EV 101.9 MPH)
|
| Top of the 6th over - 2 runs, 3 hits, 0 errors, 1 left on base; Bowie 8 - Midland 1 |
| BOTTOM OF THE 6TH |
|
Midland RockHounds batting - Pitching for Bowie Baysox : RHP Ray Richards
|
|
Batting: RHB Willie de los Santos
|
0-0: Ball 1-0: Swinging Strike 1-1: Swinging Strike 1-2: Ground out 6-3 (Groundball, 6, EV 77.5 MPH)
|
|
Batting: RHB Mario Ramos
|
0-0: Ball 1-0: Ground out 5-3 (Groundball, 56, EV 105.6 MPH)
|
|
Batting: LHB Chance Stever
|
0-0: Called Strike 0-1: Ground out 3-1 (Groundball, 34, EV 90.6 MPH)
|
| Bottom of the 6th over - 0 runs, 0 hits, 0 errors, 0 left on base; Bowie 8 - Midland 1 |
| TOP OF THE 7TH |
|
Bowie Baysox batting - Pitching for Midland RockHounds : RHP Ace Gaskins
|
|
Batting: RHB Chase Cassidy
|
0-0: SINGLE (Groundball, 6D, EV 101.2 MPH)
|
|
Batting: RHB Dermott Neill
|
0-0: Called Strike Chase Cassidy steals 2nd base (no throw) 0-1: Ball 1-1: Called Strike 1-2: Ball 2-2: Ball 3-2: Foul Ball, location: 2F 3-2: Strikes out swinging
|
|
Pitching: RHP Dave Quintero
|
|
|
Batting: SHB Tony Pantaleon
|
0-0: Called Strike 0-1: Ball 1-1: Swinging Strike 1-2: Ball 2-2: Foul Ball, location: 2F 2-2: Strikes out looking
|
|
Batting: SHB Justin Toth
|
0-0: SINGLE (Line Drive, 9LS, EV 93.1 MPH) Chase Cassidy to third Runner from 3rd tries for Home, SAFE, throw by RF to home Justin Toth to second
|
|
Batting: RHB Andy Chess
|
0-0: Ball 1-0: Ball 2-0: Ball 3-0: Foul Ball, location: 2F 3-1: Base on Balls
|
|
Batting: RHB Danny Merrill
|
0-0: Ball 1-0: SINGLE (Groundball, 56, EV 106.2 MPH) Justin Toth to third Andy Chess to second Runner from 3rd tries for Home, SAFE, throw by LF to home
|
|
Batting: RHB Jon Zimmerman
|
0-0: Ball 1-0: DOUBLE (Flyball, 8RXD, EV 90.6 MPH) Andy Chess scores Danny Merrill to third
|
|
Batting: SHB Eric Tiehen
|
0-0: Foul Ball, location: 2F 0-1: Ball 1-1: Called Strike 1-2: Strikes out swinging
|
| Top of the 7th over - 3 runs, 4 hits, 0 errors, 2 left on base; Bowie 11 - Midland 1 |
| BOTTOM OF THE 7TH |
|
Midland RockHounds batting - Pitching for Bowie Baysox : RHP Ray Richards
|
|
Batting: RHB Jorge Bernal
|
0-0: Ball 1-0: Fly out, F9 (Line Drive, 9, EV 103.1 MPH)
|
|
Batting: RHB Chris Montgomery
|
0-0: Ball 1-0: Ball 2-0: Ball 3-0: Base on Balls
|
|
Pinch Hitting: RHB Zack DiCicco
|
0-0: Swinging Strike 0-1: Swinging Strike 0-2: SINGLE (Groundball, 6MD, EV 103.1 MPH) Chris Montgomery to second
|
|
Batting: SHB John Cummings
|
0-0: Ball 1-0: Foul Ball, location: 2F 1-1: Fly out, F1 (Popup, P, EV 85.6 MPH)
|
|
Batting: RHB Bastiaan Leenders
|
0-0: Ball 1-0: Ball 2-0: Foul Ball, location: 2F 2-1: Ground out U3 (Groundball, 3, EV 83.1 MPH)
|
| Bottom of the 7th over - 0 runs, 1 hit, 0 errors, 2 left on base; Bowie 11 - Midland 1 |
| TOP OF THE 8TH |
|
Bowie Baysox batting - Pitching for Midland RockHounds : RHP Dave Quintero
|
|
Now at 2B: Zack DiCicco
|
|
|
Pinch Hitting: LHB Andrew Erens
|
0-0: Called Strike 0-1: Swinging Strike 0-2: Ball 1-2: Ground out 6-3 (Groundball, 6, EV 77.5 MPH)
|
|
Batting: RHB Chase Cassidy
|
0-0: Fly out, F3 (Popup, 23F, EV 83.8 MPH)
|
|
Batting: RHB Dermott Neill
|
0-0: Foul Ball, location: 2F 0-1: Foul Ball, location: 2F 0-2: Ball 1-2: Ball 2-2: Ball 3-2: Ground out 6-3 (Groundball, 6, EV 95.6 MPH)
|
| Top of the 8th over - 0 runs, 0 hits, 0 errors, 0 left on base; Bowie 11 - Midland 1 |
| BOTTOM OF THE 8TH |
|
Midland RockHounds batting - Pitching for Bowie Baysox : RHP Ray Richards
|
|
Now in CF: Andrew Erens
|
|
|
Batting: RHB D.J. Torres
|
0-0: Fly out, F8 (Flyball, 89D, EV 85.6 MPH)
|
|
Batting: RHB Willie de los Santos
|
0-0: Ball 1-0: Ball 2-0: Foul Ball, location: 2F 2-1: Foul Ball, location: 2F 2-2: Ball 3-2: Ground out 5-3 (Groundball, 56S, EV 82.5 MPH)
|
|
Batting: RHB Mario Ramos
|
0-0: Called Strike 0-1: Called Strike 0-2: Ball 1-2: SINGLE (Flyball, 8LS, EV 95.6 MPH)
|
|
Batting: LHB Chance Stever
|
0-0: Fielders Choice at 2nd, 5-4 (Groundball, 56, EV 76.9 MPH)
|
| Bottom of the 8th over - 0 runs, 1 hit, 0 errors, 1 left on base; Bowie 11 - Midland 1 |
| TOP OF THE 9TH |
|
Bowie Baysox batting - Pitching for Midland RockHounds : RHP Dave Quintero
|
|
Batting: SHB Tony Pantaleon
|
0-0: Ball 1-0: Ground out 4-3 (Groundball, 4, EV 79.4 MPH)
|
|
Batting: SHB Justin Toth
|
0-0: Ball 1-0: Ball 2-0: Fly out, F7 (Flyball, 7D, EV 81.2 MPH)
|
|
Batting: RHB Andy Chess
|
0-0: Called Strike 0-1: Ball 1-1: Ball 2-1: Ball 3-1: Called Strike 3-2: Fly out, F8 (Flyball, 78D, EV 86.2 MPH)
|
| Top of the 9th over - 0 runs, 0 hits, 0 errors, 0 left on base; Bowie 11 - Midland 1 |
| BOTTOM OF THE 9TH |
|
Midland RockHounds batting - Pitching for Bowie Baysox : RHP Ray Richards
|
|
Batting: RHB Jorge Bernal
|
0-0: Swinging Strike 0-1: SINGLE (Line Drive, 89M, EV 111.9 MPH)
|
|
Pitching: RHP PÄske Olmqvist
|
|
|
Batting: RHB Chris Montgomery
|
0-0: Fly out, F8 (Flyball, 8RS, EV 93.1 MPH)
|
|
Pinch Hitting: LHB Tom Raupp
|
0-0: Ball 1-0: Ball 2-0: Ball 3-0: Called Strike 3-1: Base on Balls Jorge Bernal to second
|
|
Batting: SHB John Cummings
|
0-0: Foul Ball, location: 2F 0-1: Foul Ball, location: 2F 0-2: Strikes out swinging
|
|
Batting: RHB Bastiaan Leenders
|
0-0: Ball 1-0: Ball 2-0: Called Strike 2-1: Ball 3-1: Swinging Strike 3-2: Base on Balls Jorge Bernal to third Tom Raupp to second
|
|
Batting: RHB D.J. Torres
|
0-0: Fly out, F9 (Flyball, 89D, EV 100.0 MPH)
|
| Bottom of the 9th over - 0 runs, 1 hit, 0 errors, 3 left on base; Bowie 11 - Midland 1 |
|